 Dungeon Crawl Stone Soup version 0.27-a0-40-g5f2be0e231 (webtiles) character file.

Game seed: 297703994608984429

1368 robertstho the Chiller (level 8, -1/58 HPs)
             Began as a Gnoll Ice Elementalist on Jan 5, 2021.
             Was a Follower of Sif Muna.
             Shot with an arrow by a centaur (11 damage)
             ... on level 6 of the Dungeon.
             The game lasted 00:08:21 (5415 turns).

robertstho the Chiller (Gnoll Ice Elementalist)     Turns: 5415, Time: 00:08:22

Health: -1/58      AC:  4    Str: 11    XL:     8   Next: 65%
Magic:  5/17       EV: 16    Int: 19    God:    Sif Muna [*.....]
Gold:   208        SH:  0    Dex: 16    Spells: 4/19 levels left

rFire    . . .     SeeInvis .   n - +2 flail (protect)
rCold    . . .     Faith    .   (no shield)
rNeg     . . .     Spirit   .   a - +0 robe
rPois    .         Reflect  .   r - +2 hat
rElec    .         Harm     .   (no cloak)
rCorr    .         Rampage  .   (no gloves)
Will     .....                  (no boots)
Stlth    +++.......             (no amulet)
HPRegen  0.19/turn              b - ring of wizardry
MPRegen  0.15/turn              e - ring of wizardry

@: frozen ramparts
A: distributed training, fangs 1, strong nose
a: Renounce Religion, Channel Magic


You were on level 6 of the Dungeon.
You worshipped Sif Muna.
Sif Muna was aware of your devotion.
You visited 2 branches of the dungeon, and saw 7 of its levels.

You collected 322 gold pieces.
You spent 114 gold pieces at shops.

Inventory:

Hand Weapons
 n - a +2 flail of protection (weapon)
Armour
 a - a +0 robe (worn)
 r - a +2 hat (worn)
Jewellery
 b - a ring of wizardry (left hand)
 e - a ring of wizardry (right hand)
 f - an uncursed ring of stealth
 w - an uncursed amulet of guardian spirit {unknown}
Wands
 h - a wand of digging (6)
 v - a wand of polymorph (5)
 y - a wand of acid (5)
Scrolls
 d - 5 scrolls of teleportation {unknown}
 g - 5 scrolls of enchant armour
 i - 2 scrolls of magic mapping {unknown}
 j - a scroll of blinking {unknown}
 p - 2 scrolls of remove curse
 t - a scroll of identify
 u - a scroll of amnesia {unknown}
Potions
 c - 5 potions of curing
 k - a potion of flight
 l - a potion of heal wounds
 m - a potion of resistance
 o - 2 potions of haste
 q - 4 potions of attraction
 s - a potion of might
 x - a potion of invisibility {unknown}
 z - a potion of degeneration {unknown}
 A - a potion of brilliance {unknown}


   Skills:
 + Level 3.4 Fighting
 + Level 3.4 Short Blades
 + Level 3.4 Long Blades
 + Level 3.4 Axes
 + Level 3.4 Maces & Flails
 + Level 3.4 Polearms
 + Level 3.4 Staves
 + Level 3.4 Slings
 + Level 3.4 Bows
 + Level 3.4 Crossbows
 + Level 3.4 Throwing
 + Level 3.4 Armour
 + Level 5.8 Dodging
 + Level 5.5 Stealth
 + Level 3.4 Shields
 + Level 3.4 Unarmed Combat
 + Level 6.1 Spellcasting
 + Level 2.8 Conjurations
 + Level 2.8 Hexes
 + Level 2.8 Summonings
 + Level 2.8 Necromancy
 + Level 2.8 Translocations
 + Level 2.8 Transmutations
 + Level 2.8 Fire Magic
 + Level 7.7 Ice Magic
 + Level 2.8 Air Magic
 + Level 2.8 Earth Magic
 + Level 2.8 Poison Magic
 + Level 3.8 Invocations
 + Level 3.4 Evocations


You had 4 spell levels left.
You knew the following spells:

 Your Spells              Type           Power        Failure   Level
a - Freeze                Ice            100%         1%          1
b - Frozen Ramparts       Ice            70%          1%          3
c - Ozocubu's Armour      Ice            35%          1%          3
d - Hailstorm             Conj/Ice       25%          3%          4
e - Summon Ice Beast      Ice/Summ       25%          3%          4

Your spell library contained the following spells:

 Spells                   Type           Power        Failure   Level
 Corona                   Hex            17%          1%          1
 Ensorcelled Hibernation  Hex/Ice        50%          1%          2
 Confusing Touch          Hex            16%          3%          3
 Dazzling Flash           Conj/Hex       32%          3%          3
 Tukima's Dance           Hex            16%          3%          3


Dungeon Overview and Level Annotations

Branches:
Dungeon (6/15)             Temple (1/1) D:4

Altars:
Ashenzari
Elyvilon
Fedhas
Gozag
Hepliaklqana
Kikubaaqudgha
Nemelex Xobeh
Okawaru
Sif Muna
Uskayaw
Vehumet
Wu Jian
Xom
Yredelemnul
Zin
The Shining One

Shops:
D:4 *


Innate Abilities, Weirdness & Mutations

Your experience applies equally to all skills.
You have very sharp teeth.
Your uncanny sense of smell can sniff out nearby items.


Message History

Casting: Frozen Ramparts (safe; 1% risk of failure)
Press: ? - help, Dir - look around, f - activate The walls around you are covered in ice.
The wall freezes the centaur.
The centaur shoots an arrow.
The arrow hits you!
* * * LOW HITPOINT WARNING * * *
x2 The wall freezes the ooze!
Unknown command.
Casting: Frozen Ramparts (safe; 1% risk of failure)
Confirm with . or Enter, or press ? or * to list all spells.
Casting: Hailstorm (dangerous; 3% risk of failure)
Press: ? - help, Dir - look around, f - activate A cannonade of hail descends around you!
The hail pelts the centaur!
The centaur is heavily wounded.
The wall freezes the centaur.
The centaur shoots an arrow.
The arrow closely misses you.
The wall freezes the ooze.
You kill the ooze!
Sif Muna accepts your kill.
The wall freezes the centaur.
The centaur shoots an arrow.
The arrow hits you!
You die...

....# ##... ...###
....### #.... .....#
..###.####..# ......
.......#....### #......
##....#.......# .......
##.##.#.(....)##)......
##...........().)...c..
#....##.......#(##.....
####.##.....###(@# ..#
.# #.#(.....##....c.....
.###.##...#.....##..#...
.....)#...##....# #.#
##...##.........# .#
#....#....#.....# #
.<....#.........#
......#...##....h
........... ...h


You could see a centaur.

Vanquished Creatures
  Sigmund (D:5)
  Menkaure (D:5)
  4 ogres
  A bullfrog (D:6)
  A gnoll sergeant (D:6)
  A scorpion (D:4)
  2 howler monkeys
  3 orc priests (D:4)
  A hound (D:5)
  4 iguanas
  An orc wizard (D:4)
  A worker ant (D:5)
  A hound skeleton (D:4)
  7 gnolls
  8 adders
  A white imp (D:5)
  An ooze (D:6)
  An adder zombie (D:5)
  2 worms
  2 dart slugs
  A leopard gecko (D:3)
  11 orcs
  2 ball pythons (D:2)
  3 giant cockroaches
  8 goblins
  2 hobgoblins (D:3)
  7 jackals
  3 quokkas
  6 bats
  7 frilled lizards
  11 kobolds
  5 rats
110 creatures vanquished.

Notes
Turn   | Place    | Note
-------+----------+-------------------------------------------
     0 | D:1      | robertstho the Gnoll Ice Elementalist began the quest for
                  | the Orb.
     0 | D:1      | Reached XP level 1. HP: 13/13 MP: 6/6
   250 | D:1      | Reached XP level 2. HP: 17/19 MP: 5/7
   854 | D:2      | Reached XP level 3. HP: 22/25 MP: 6/9
   858 | D:2      | Learned a level 3 spell: Frozen Ramparts
   862 | D:2      | Learned a level 3 spell: Ozocubu's Armour
   933 | D:2      | Reached skill level 5 in Spellcasting
  1048 | D:2      | Found an ancient bone altar of Kikubaaqudgha.
  1267 | D:2      | Reached skill level 1 in Invocations
  1296 | D:2      | Found a blossoming altar of Fedhas.
  1480 | D:2      | Reached skill level 1 in Fighting
  1480 | D:2      | Reached skill level 1 in Short Blades
  1480 | D:2      | Reached skill level 1 in Long Blades
  1480 | D:2      | Reached skill level 1 in Axes
  1480 | D:2      | Reached skill level 1 in Maces & Flails
  1480 | D:2      | Reached skill level 1 in Polearms
  1480 | D:2      | Reached skill level 1 in Staves
  1480 | D:2      | Reached skill level 1 in Slings
  1480 | D:2      | Reached skill level 1 in Bows
  1480 | D:2      | Reached skill level 1 in Crossbows
  1480 | D:2      | Reached skill level 1 in Throwing
  1480 | D:2      | Reached skill level 1 in Armour
  1480 | D:2      | Reached skill level 1 in Shields
  1480 | D:2      | Reached skill level 1 in Unarmed Combat
  1480 | D:2      | Reached skill level 1 in Evocations
  1668 | D:2      | Reached XP level 4. HP: 28/32 MP: 7/11
  1721 | D:2      | Found a shimmering altar of Xom.
  2052 | D:3      | Reached skill level 1 in Conjurations
  2052 | D:3      | Reached skill level 1 in Hexes
  2052 | D:3      | Reached skill level 1 in Summonings
  2052 | D:3      | Reached skill level 1 in Necromancy
  2052 | D:3      | Reached skill level 1 in Translocations
  2052 | D:3      | Reached skill level 1 in Transmutations
  2052 | D:3      | Reached skill level 1 in Fire Magic
  2052 | D:3      | Reached skill level 1 in Air Magic
  2052 | D:3      | Reached skill level 1 in Earth Magic
  2052 | D:3      | Reached skill level 1 in Poison Magic
  2380 | D:3      | Reached XP level 5. HP: 35/37 MP: 8/12
  2414 | D:3      | Found a faded altar of an unknown god.
  3125 | D:4      | Noticed an ogre
  3129 | D:4      | Killed an ogre
  3130 | D:4      | Reached XP level 6. HP: 44/44 MP: 8/14
  3137 | D:4      | Learned a level 4 spell: Hailstorm
  3142 | D:4      | Learned a level 4 spell: Summon Ice Beast
  3381 | D:4      | Reached skill level 5 in Dodging
  3464 | D:4      | Found a staircase to the Ecumenical Temple.
  3482 | Temple   | Entered the Ecumenical Temple
  3716 | Temple   | Became a worshipper of Sif Muna the Loreminder
  3930 | D:4      | Reached XP level 7. HP: 44/50 MP: 7/15
  4118 | D:4      | Found Daroag's General Store.
  4121 | D:4      | Bought a scroll of identify for 24 gold pieces
  4121 | D:4      | Bought a scroll of enchant armour for 90 gold pieces
  4545 | D:5      | Entered Level 5 of the Dungeon
  4585 | D:5      | Noticed Menkaure
  4592 | D:5      | Killed Menkaure
  4645 | D:5      | Noticed Sigmund
  4659 | D:5      | Killed Sigmund
  4660 | D:5      | Reached skill level 5 in Stealth
  4810 | D:5      | Reached XP level 8. HP: 49/57 MP: 4/16
  5397 | D:6      | Reached * piety under Sif Muna
  5415 | D:6      | Shot with an arrow by a centaur

Illustrated notes

Levels and vault maps discovered:
D:1:      evilmike_arrival_fibonacci_small, layout_basic
D:2:      layout_rooms, old_standard_altar, fedhas_altar_2, tgw_xom
D:3:      layout_basic, chequers_ecumenical_altar_simple, st_stairs_5
D:4:      layout_gridville, minmay_temple_entry_proselytizer, serial_shops,
          kennysheep_mini, minmay_crystal_water
D:5:      layout_rooms, serial_rivers, chequers_serial_rivers_marsh,
          chequers_serial_rivers_micro_a, chequers_serial_rivers_micro_a,
          chequers_serial_rivers_large_a, chequers_serial_rivers_micro_c,
          uniq_sigmund, uniq_menkaure
D:6:      layout_cave_pools, gup_ossuary_entry_pyramid, feat_on_display
Temple:   nicolae_temple_figure_eight

Skill      XL: |  1  2  3  4  5  6  7  8 |
---------------+-------------------------+-----
Spellcasting   | 5 6 |  6.1
Invocations    | 1 2 3 |  3.8
Fighting       | 1 2 3 |  3.4
Short Blades   | 1 2 3 |  3.4
Long Blades    | 1 2 3 |  3.4
Axes           | 1 2 3 |  3.4
Maces & Flails | 1 2 3 |  3.4
Polearms       | 1 2 3 |  3.4
Staves         | 1 2 3 |  3.4
Slings         | 1 2 3 |  3.4
Bows           | 1 2 3 |  3.4
Crossbows      | 1 2 3 |  3.4
Throwing       | 1 2 3 |  3.4
Armour         | 1 2 3 |  3.4
Shields        | 1 2 3 |  3.4
Unarmed Combat | 1 2 3 |  3.4
Evocations     | 1 2 3 |  3.4
Conjurations   | 1 2 |  2.8
Hexes          | 1 2 |  2.8
Summonings     | 1 2 |  2.8
Necromancy     | 1 2 |  2.8
Translocations | 1 2 |  2.8
Transmutations | 1 2 |  2.8
Fire Magic     | 1 2 |  2.8
Air Magic      | 1 2 |  2.8
Earth Magic    | 1 2 |  2.8
Poison Magic   | 1 2 |  2.8
Dodging        | 5 |  5.8
Stealth        | 5 |  5.5
Ice Magic      | |  7.7

Action                   |  1- 3 |  4- 6 |  7- 9 || total
-------------------------+-------+-------+-------++-------
Melee: Unarmed           |   108 |    37 |       ||   145
       Bite              |     6 |    11 |    10 ||    27
       Flail             |       |    62 |    70 ||   132
 Cast: Freeze            |    14 |     4 |     1 ||    19
       Frozen Ramparts   |     7 |    16 |     8 ||    31
       Hailstorm         |       |     1 |     5 ||     6
Invok: Channel Magic     |       |       |     1 ||     1
Evoke: Wand              |       |       |     2 ||     2
  Use: Scroll            |       |       |     8 ||     8
 Stab: Sleeping          |    12 |     5 |     3 ||    20
Armor: Robe              |    27 |    21 |    21 ||    69
       Skin              |       |       |    10 ||    10
Dodge: Dodged            |   122 |   112 |    54 ||   288

Table legend: (Time is in decaauts)
 A = Elapsed time spent in this place.
 B = Non-inter-level travel time spent in this place.
 C = Inter-level travel time spent in this place.
 D = Time resting spent in this place.
 E = Time spent auto-exploring this place.
 F = Levels seen in this place.
 G = Mean time per level.
                   A        B        C        D        E       F      G
               +--------+--------+--------+--------+--------+-----+--------+
         Total |   5466 |   5314 |    152 |     20 |   4393 |   7 |  780.9 |
       Dungeon |   5220 |   5080 |    140 |     20 |   4162 |   6 |  870.0 |
        Temple |    246 |    234 |     12 |      0 |    231 |   1 |  246.0 |
               +--------+--------+--------+--------+--------+-----+--------+

Top non-repeatable levels by time:
     D:3: 1351 daAuts
     D:4: 1211 daAuts
     D:2: 914 daAuts
     D:1: 847 daAuts
     D:5: 795 daAuts
  Temple: 246 daAuts
     D:6: 99 daAuts
